[Event "Late-Titled-Tuesday-Blitz-September-12-2023"]
[Site "Chess.com"]
[Date "2023.09.12"]
[Round "2"]
[White "whitemirrorninja"]
[Black "cukin84"]
[Result "1-0"]
[WhiteElo "2475"]
[BlackElo "2214"]
[TimeControl "180+1"]
[EndTime "14:13:06 PDT"]
[Termination "whitemirrorninja won by resignation"]

1. c4 f5 2. Nc3 Nf6 3. h3 e5 4. g4 fxg4 5. hxg4 Nxg4 6. d4 exd4 7. Qxd4 Nf6 8. Bg5 Bb4 9. O-O-O Bxc3 10. Qxc3 d6 11. Bg2 Nc6 12. Nf3 Bf5 13. Nd4 Nxd4 14. Rxd4 Qe7 15. Rf4 Bg6 16. Rxf6 gxf6 17. Bxf6 Qf7 18.
Bxb7 O-O 19. Bd5 1-0

[Event "Late-Titled-Tuesday-Blitz-September-12-2023"]
[Site "Chess.com"]
[Date "2023.09.12"]
[Round "2"]
[White "Giantgoogachess"]
[Black "IMRosen"]
[Result "0-1"]
[WhiteElo "2368"]
[BlackElo "2616"]
[TimeControl "180+1"]
[EndTime "14:13:25 PDT"]
[Termination "IMRosen won by resignation"]

1. d4 d5 2. c4 e6 3. Nc3 Nf6 4. cxd5 exd5 5. Bg5 c6 6. e3 Bd6 7. Bd3 h6 8. Bh4 O-O 9. Qc2 Re8 10. a3 a5 11. Nf3 Be6 12. Ne5 c5 13. Nf3 Nc6 14. dxc5 Bxc5 15. O-O Rc8 16. Bxf6 Qxf6 17. Nxd5 Bxd5 18.
Qxc5 Bxf3 19. gxf3 Ne5 20. Qb5 Nxf3+ 21. Kh1 Qh4 22. Kg2 Qg4+ 23. Kh1 Qh3 0-1

[Event "Late-Titled-Tuesday-Blitz-September-12-2023"]
[Site "Chess.com"]
[Date "2023.09.12"]
[Round "2"]
[White "jup1978"]
[Black "The_Princess_Moon"]
[Result "1-0"]
[WhiteElo "2501"]
[BlackElo "2262"]
[TimeControl "180+1"]
[EndTime "14:13:25 PDT"]
[Termination "jup1978 won by resignation"]

1. d4 Nf6 2. c4 e6 3. Nf3 Bb4+ 4. Nbd2 b6 5. g3 Bb7 6. Bg2 Ne4 7. O-O Nxd2 8. Bxd2 Qe7 9. Re1 f5 10. a3 Bxd2 11. Nxd2 O-O 12. Bxb7 Nc6 13. Bxa8 Rxa8 14. d5 Ne5 15. Qc2 Rf8 16. Nf3 Ng4 17. dxe6 dxe6 18.
b4 f4 19. Qe4 Rf6 20. Ne5 Nxe5 21. Qxe5 fxg3 22. fxg3 Rf5 23. Qe3 1-0

[Event "Late-Titled-Tuesday-Blitz-September-12-2023"]
[Site "Chess.com"]
[Date "2023.09.12"]
[Round "2"]
[White "tteshan"]
[Black "Zkid"]
[Result "0-1"]
[WhiteElo "2524"]
[BlackElo "2911"]
[TimeControl "180+1"]
[EndTime "14:13:40 PDT"]
[Termination "Zkid won by resignation"]

1. e4 e6 2. d4 d5 3. Nd2 c5 4.
exd5 Qxd5 5. Ngf3 cxd4 6. Bc4 Qd7 7. O-O Nc6 8. Nb3 Nf6 9. Nbxd4 Nxd4 10. Qxd4 Qxd4 11.
Nxd4 Bd7 12. Bf4 Bc5 13. Nf3 Rc8 14. Bb3 Bc6 15. Ne5 Be4 16. Rfe1 O-O 17. Nd7 Nxd7 18. Rxe4 Be7 19. Re2 Nc5 20. Bc4 Rfd8 21. a3 Rd4 22. Be5 Rxc4 0-1

[Event "Late-Titled-Tuesday-Blitz-September-12-2023"]
[Site "Chess.com"]
[Date "2023.09.12"]
[Round "2"]
[White "xozr"]
[Black "likantrophuss"]
[Result "0-1"]
[WhiteElo "2358"]
[BlackElo "2604"]
[TimeControl "180+1"]
[EndTime "14:13:52 PDT"]
[Termination "likantrophuss won by resignation"]

1. e4 e5 2. Nf3 Nc6 3. Bc4 Nf6 4. d3 h6 5. O-O d6 6. c3 g5 7. b4 Bg4 8. h3 Be6 9. Bxe6 fxe6 10.
d4 exd4 11. cxd4 Nxe4 12. d5 Bg7 13. dxc6 Bxa1 14. cxb7 Rb8 15. Qa4+ Qd7 16. Qxa7 O-O 17. Nbd2 Nc3 18. Qb6 cxb6 0-1

[Event "Late-Titled-Tuesday-Blitz-September-12-2023"]
[Site "Chess.com"]
[Date "2023.09.12"]
[Round "2"]
[White "Triumphmate"]
[Black "buenamor1972"]
[Result "1-0"]
[WhiteElo "2513"]
[BlackElo "2290"]
[TimeControl "180+1"]
[EndTime "14:13:54 PDT"]
[Termination "Triumphmate won by resignation"]

1. e4 e5 2. Nf3 Nc6 3. Nc3 Nf6 4. Bb5 d6 5. d4 exd4 6. Nxd4 Bd7 7. Nxc6 bxc6 8.
Bd3 Be7 9. O-O O-O 10. f4 Qb8 11. Qe1 Be6 12. Kh1 Re8 13. Rb1 Bf8 14. Qg3 c5 15. b3 Bd7 16. Bb2 Bc6 17. Rbe1 Qb7 18. e5 Nd7 19. Qh3 g6 20. e6 Nf6 21. Ne4 Nxe4 22.
exf7+ 1-0

[Event "Late-Titled-Tuesday-Blitz-September-12-2023"]
[Site "Chess.com"]
[Date "2023.09.12"]
[Round "2"]
[White "bipe137"]
[Black "Gyulamiryan-koryun"]
[Result "1-0"]
[WhiteElo "2433"]
[BlackElo "2012"]
[TimeControl "180+1"]
[EndTime "14:13:57 PDT"]
[Termination "bipe137 won on time"]

1. d4 Nf6 2. c4 c5 3. d5 b5 4. Nf3 g6 5. Qc2 d6 6. e4 Bg7 7. cxb5 a6 8. a4 O-O 9. Nc3 Bd7 10. Bd2 axb5 11. Bxb5 Ng4 12. O-O Ne5 13. Nxe5 Bxe5 14. Kh1 1-0

[Event "Late-Titled-Tuesday-Blitz-September-12-2023"]
[Site "Chess.com"]
[Date "2023.09.12"]
[Round "2"]
[White "vi_pranav"]
[Black "slorovel"]
[Result "1-0"]
[WhiteElo "2999"]
[BlackElo "2541"]
[TimeControl "180+1"]
[EndTime "14:13:59 PDT"]
[Termination "vi_pranav won by resignation"]

1. e4 e6 2. d4 d5 3. Nc3 Nc6 4. Nf3 Nf6 5. Bg5 Be7 6. e5 Ne4 7. Bxe7 Qxe7 8. Bd3 Qb4 9. O-O Nxc3 10. bxc3 Qxc3 11. Rb1 Qa3 12. Qd2 h6 13. Rb3 Qe7 14. g3 O-O 15. Re1 Bd7 16. Rxb7 Rfb8 17. Rb3 a5 18.
Reb1 Qf8 19. Qc3 Rb4 20. a3 Rxb3 21. Rxb3 Rb8 22. Bb5 Nxe5 23. Nxe5 Bxb5 24. Qb2 c6 25. Nd7 1-0

[Event "Late-Titled-Tuesday-Blitz-September-12-2023"]
[Site "Chess.com"]
[Date "2023.09.12"]
[Round "2"]
[White "simplerXiao"]
[Black "IngOscarArdila"]
[Result "1-0"]
[WhiteElo "2512"]
[BlackElo "2286"]
[TimeControl "180+1"]
[EndTime "14:13:59 PDT"]
[Termination "simplerXiao won by checkmate"]

1. e4 e5 2. Bc4 Nf6 3. Nc3 Bc5 4. d3 d6 5. f4 Bg4 6. Nf3 Nc6 7.
Na4 Nd4 8. Nxc5 dxc5 9. Be3 exf4 10. Bxf4 O-O 11. c3 Bxf3 12. gxf3 Ne6 13. Be3 c6 14. Qd2 b5 15. Bb3 a5 16. O-O-O Qd7 17. f4 Rfd8 18. f5 Nc7 19. Bxc5 a4 20. Bc2 Na6 21. Bd4 Qe7 22.
Rhg1 c5 23. Qg5 Kf8 24. Qxg7+ Ke8 25. Bxf6 Qd7 26. Qg8# 1-0

[Event "Late-Titled-Tuesday-Blitz-September-12-2023"]
[Site "Chess.com"]
[Date "2023.09.12"]
[Round "2"]
[White "Rinqed222"]
[Black "Haykoooo0o"]
[Result "1-0"]
[WhiteElo "2241"]
[BlackElo "2468"]
[TimeControl "180+1"]
[EndTime "14:14:02 PDT"]
[Termination "Rinqed222 won by resignation"]

1. e4 c6 2. d4 d5 3. e5 c5 4.
dxc5 e6 5. a3 Bxc5 6. b4 Bb6 7.
Bb2 Ne7 8. Bd3 Nbc6 9. Nf3 Ng6 10. O-O Nf4 11. c4 Nxd3 12. Qxd3 dxc4 13. Qxc4 O-O 14. Nc3 Nd4 15. Nxd4 Qxd4 16. Qe2 Qd7 17. Rad1 Qe7 18. Ne4 Bd7 19. Nf6+ Kh8 20. Rxd7 1-0

[Event "Late-Titled-Tuesday-Blitz-September-12-2023"]
[Site "Chess.com"]
[Date "2023.09.12"]
[Round "2"]
[White "Efremov_Vlad"]
[Black "GoltsevDmitry2000"]
[Result "0-1"]
[WhiteElo "2372"]
[BlackElo "2631"]
[TimeControl "180+1"]
[EndTime "14:14:06 PDT"]
[Termination "GoltsevDmitry2000 won by checkmate"]

1. d4 e6 2. c4 d5 3. Nf3 Nf6 4.
g3 c5 5. cxd5 exd5 6. Nc3 Nc6 7.
Bg2 Be7 8. O-O O-O 9. b3 cxd4 10.
Nxd4 Bc5 11. Nxc6 bxc6 12. Bb2 Bg4 13. h3 Be6 14. Rc1 Bd6 15. Na4 Bd7 16. Nc5 Qe7 17.
Bxf6 gxf6 18. Nxd7 Qxd7 19. Qc2 Rac8 20. e4 d4 21.
Rfd1 c5 22. Bf1 Kh8 23. Kg2 Rg8 24. Be2 Qc7 25. Rd2 Bxg3 26. Bg4 Bf4 27. Kf3 Qe5 28.
Re2 Bxc1 29. Qxc1 Rcd8 30. Bf5 d3 31. Qh6 Rg7 32. Re1 d2 33. Rd1 Qc3+ 34. Kf4 Rd3 35. Qh5 Qe5# 0-1

[Event "Late-Titled-Tuesday-Blitz-September-12-2023"]
[Site "Chess.com"]
[Date "2023.09.12"]
[Round "2"]
[White "chess94cu"]
[Black "Chaos_Magic"]
[Result "1-0"]
[WhiteElo "2675"]
[BlackElo "2394"]
[TimeControl "180+1"]
[EndTime "14:14:12 PDT"]
[Termination "chess94cu won by resignation"]

1. Nf3 d5 2. c4 c6 3. b3 Nf6 4.
Bb2 g6 5. Bxf6 exf6 6. cxd5 Qxd5 7. Nc3 Qd8 8. d4 f5 9. e3 Bg7 10. Be2 O-O 11. Rc1 Nd7 12. O-O Nf6 13. b4 a6 14. a4 Ne4 15. Nxe4 fxe4 16. Nd2 f5 17. Nc4 Be6 18. Qc2 Qe7 19. Rb1 Rfc8 20. Nb6 Bd5 21.
Nxa8 Rxa8 22. Bc4 Bf8 23. Bxd5+ cxd5 24. g3 g5 25. b5 f4 26. bxa6 Rxa6 27. Qc8 Rxa4 28.
Rxb7 1-0

[Event "Late-Titled-Tuesday-Blitz-September-12-2023"]
[Site "Chess.com"]
[Date "2023.09.12"]
[Round "2"]
[White "DanielNaroditsky"]
[Black "RETURNOFTHELAGGER"]
[Result "1-0"]
[WhiteElo "3080"]
[BlackElo "2561"]
[TimeControl "180+1"]
[EndTime "14:14:14 PDT"]
[Termination "DanielNaroditsky won by resignation"]

1. d4 Nf6 2. Nc3 g6 3. e4 d5 4. e5 Ne4 5. Nce2 f6 6. Nf3 c5 7. Nf4 Nc6 8. dxc5 e6 9. exf6 Qxf6 10.
Bd3 Bxc5 11. O-O O-O 12. c4 Nxf2 13. Rxf2 Bxf2+ 14. Kxf2 e5 15. Nxd5 Qh4+ 16. Kg1 Qh5 17. Be4 Bg4 18. Be3 Nd4 19. Bxd4 exd4 20. Qxd4 Rae8 21.
Nf6+ Rxf6 22. Qxf6 Rxe4 23. Ng5 1-0

[Event "Late-Titled-Tuesday-Blitz-September-12-2023"]
[Site "Chess.com"]
[Date "2023.09.12"]
[Round "2"]
[White "vladislavkovalev"]
[Black "The_Straightforward_Rook"]
[Result "1-0"]
[WhiteElo "2897"]
[BlackElo "2521"]
[TimeControl "180+1"]
[EndTime "14:14:14 PDT"]
[Termination "vladislavkovalev won by resignation"]

1. e4 e5 2. Nf3 Nc6 3. Bb5 Nf6 4. O-O Nxe4 5. Re1 Nd6 6. Nxe5 Nxe5 7. Rxe5+ Be7 8. Bf1 O-O 9. d4 Bf6 10. Re1 Re8 11.
c3 Rxe1 12. Qxe1 Ne8 13. a4 d5 14. a5 a6 15. Bf4 Be6 16. Nd2 Nd6 17. Qd1 c6 18.
Nb3 Nc4 19. Nc5 Nxa5 20. Nxe6 fxe6 21. Qe2 Kf7 22. Qh5+ Kg8 23. Qh3 e5 24. dxe5 Be7 25.
Bd3 h6 26. Qe6+ Kh8 27. Qf5 Kg8 28. Qh7+ Kf8 29. Bg6 1-0

[Event "Late-Titled-Tuesday-Blitz-September-12-2023"]
[Site "Chess.com"]
[Date "2023.09.12"]
[Round "2"]
[White "DeTimmerman"]
[Black "APOKALIPSA13"]
[Result "1-0"]
[WhiteElo "2638"]
[BlackElo "2265"]
[TimeControl "180+1"]
[EndTime "14:14:15 PDT"]
[Termination "DeTimmerman won by resignation"]

1. b4 e5 2. Bb2 d6 3. e3 Nc6 4. b5 Nce7 5. c4 g6 6. Nf3 Bg7 7. a4 a6 8. Nc3 f5 9. Be2 e4 10. Nd4 c5 11. Nb3 Nh6 12. O-O O-O 13. d3 Be6 14. dxe4 fxe4 15. Qc2 Bf5 16. Rad1 Qb8 17.
Ba1 a5 18. Nxe4 Bxa1 19. Nxa1 b6 20. Bf3 Ra7 21. Qc3 Rd7 22. Nf6+ Rxf6 23. Qxf6 Bg4 24.
Bxg4 Nxg4 25. Qe6+ 1-0

[Event "Late-Titled-Tuesday-Blitz-September-12-2023"]
[Site "Chess.com"]
[Date "2023.09.12"]
[Round "2"]
[White "Mikhail_Golubev"]
[Black "jaldjald"]
[Result "1-0"]
[WhiteElo "2597"]
[BlackElo "2356"]
[TimeControl "180+1"]
[EndTime "14:14:15 PDT"]
[Termination "Mikhail_Golubev won by resignation"]

1. e4 c5 2. Nf3 d6 3. d4 cxd4 4. Nxd4 Nf6 5. Nc3 e6 6. Bc4 Be7 7. Be3 O-O 8. Bb3 Na6 9. f4 Nc5 10. Qf3 a5 11. O-O-O a4 12. Bc4 Qa5 13. a3 b5 14. Nc6 Qc7 15. Nxe7+ Qxe7 16. Bxc5 dxc5 17. Nxb5 Bb7 18. Nd6 Bc6 19. Qe3 Rab8 20. Qxc5 Bxe4 21. Nxe4 Qxc5 22. Nxc5 Rbc8 23. Nxe6 1-0

[Event "Late-Titled-Tuesday-Blitz-September-12-2023"]
[Site "Chess.com"]
[Date "2023.09.12"]
[Round "2"]
[White "Miguelitro69"]
[Black "SalihEke"]
[Result "0-1"]
[WhiteElo "2282"]
[BlackElo "2512"]
[TimeControl "180+1"]
[EndTime "14:14:21 PDT"]
[Termination "SalihEke won by resignation"]

1. e4 e5 2. Nf3 Nc6 3. Bb5 Nf6 4. d3 d6 5. c3 Be7 6. Nbd2 O-O 7. Nf1 a6 8. Ba4 b5 9. Bc2 Bb7 10. Ng3 Re8 11. Nf5 Bf8 12. Bg5 h6 13. Bh4 g6 14. Ne3 Bg7 15. Qd2 Qd7 16. h3 g5 17. Bg3 d5 18. exd5 Nxd5 19. O-O-O b4 20.
c4 Nf4 21. Ng4 Nd4 22. Nxd4 exd4 23. f3 Ne2+ 24. Kb1 Nxg3 25. Qxb4 Nxh1 26. Rxh1 Rab8 27. Qa5 Bc6 28. h4 gxh4 29. Rxh4 Qe7 30. Rh1 Qb4 31. Nxh6+ Bxh6 0-1

[Event "Late-Titled-Tuesday-Blitz-September-12-2023"]
[Site "Chess.com"]
[Date "2023.09.12"]
[Round "2"]
[White "Nekoo04"]
[Black "Perecke"]
[Result "0-1"]
[WhiteElo "2261"]
[BlackElo "2499"]
[TimeControl "180+1"]
[EndTime "14:14:23 PDT"]
[Termination "Perecke won by resignation"]

1. d4 Nf6 2. c4 e6 3. Nf3 Bb4+ 4. Bd2 Bxd2+ 5. Qxd2 O-O 6. Nc3 d5 7. g3 b6 8. cxd5 Nxd5 9. Nxd5 exd5 10. Bg2 c5 11.
dxc5 bxc5 12. O-O-O Be6 13. Ng5 h6 14. Nxe6 fxe6 15.
e4 d4 16. e5 Na6 17. Bxa8 Qxa8 18. f4 Qd5 19. Qa5 Nb4 20. a3 Qc4+ 21. Kd2 Qd3+ 22.
Ke1 Qe3+ 23. Kf1 Qf3+ 0-1

[Event "Late-Titled-Tuesday-Blitz-September-12-2023"]
[Site "Chess.com"]
[Date "2023.09.12"]
[Round "2"]
[White "Kombinator01"]
[Black "antispeciesism"]
[Result "1-0"]
[WhiteElo "2435"]
[BlackElo "2056"]
[TimeControl "180+1"]
[EndTime "14:14:31 PDT"]
[Termination "Kombinator01 won by resignation"]

1. e4 c5 2. c3 Nf6 3. e5 Nd5 4. d4 cxd4 5. cxd4 d6 6. f4 Nc6 7. Nc3 dxe5 8. fxe5 e6 9. Nf3 Be7 10. Bd3 O-O 11. O-O Qb6 12. Kh1 Bd7 13. a3 Nxc3 14. bxc3 Na5 15. Bg5 f6 16. exf6 Bxf6 17. Bxf6 Rxf6 18. Ne5 1-0

[Event "Late-Titled-Tuesday-Blitz-September-12-2023"]
[Site "Chess.com"]
[Date "2023.09.12"]
[Round "2"]
[White "Jahonas"]
[Black "ritanovikova"]
[Result "1-0"]
[WhiteElo "2444"]
[BlackElo "2125"]
[TimeControl "180+1"]
[EndTime "14:14:40 PDT"]
[Termination "Jahonas won by resignation"]

1. d4 g6 2. Nf3 Bg7 3. g3 d6 4. Bg2 Nf6 5. O-O O-O 6. Nc3 Nbd7 7. Bg5 h6 8. Bf4 Re8 9. h4 h5 10. Qd2 c6 11. e4 b5 12. a3 Bb7 13. Rad1 a5 14. e5 dxe5 15. dxe5 Nd5 16. Nxd5 cxd5 17.
e6 fxe6 18. Ng5 Nf8 19. Rfe1 Qb6 20. c3 Rad8 21. Be5 Bc8 22. Qf4 Bxe5 23. Qf7+ Kh8 24. Rxe5 Qc7 25. Rde1 Qc4 26. Bxd5 Rxd5 27. Qxe8 1-0

[Event "Late-Titled-Tuesday-Blitz-September-12-2023"]
[Site "Chess.com"]
[Date "2023.09.12"]
[Round "2"]
[White "stolencandy13"]
[Black "schachlana"]
[Result "1-0"]
[WhiteElo "2612"]
[BlackElo "2362"]
[TimeControl "180+1"]
[EndTime "14:14:41 PDT"]
[Termination "stolencandy13 won by checkmate"]

1. d4 Nf6 2. Bf4 g6 3. Nc3 Bg7 4. Nf3 d5 5. Qd2 c6 6. O-O-O O-O 7. h4 b5 8. Bh6 Ne4 9. Nxe4 dxe4 10. Bxg7 Kxg7 11. Ng5 e5 12. dxe5 Qxd2+ 13. Rxd2 e3 14.
fxe3 h6 15. Nf3 Re8 16. g3 Nd7 17. Bg2 Nxe5 18. Nxe5 Rxe5 19. Bxc6 Rb8 20. e4 Be6 21. Rf1 Rc8 22. Bd7 Bxd7 23. Rxd7 Rxe4 24. Rfxf7+ Kh8 25.
Rh7+ Kg8 26. Rdg7+ Kf8 27. Rxa7 Rxe2 28. Rh8# 1-0

[Event "Late-Titled-Tuesday-Blitz-September-12-2023"]
[Site "Chess.com"]
[Date "2023.09.12"]
[Round "2"]
[White "kaanadayhamle"]
[Black "Dave_ChessMate"]
[Result "1/2-1/2"]
[WhiteElo "2419"]
[BlackElo "2757"]
[TimeControl "180+1"]
[EndTime "14:14:47 PDT"]
[Termination "Game drawn by repetition"]

1. Nf3 Nf6 2. c4 e6 3. Nc3 d5 4.
d4 Bb4 5. cxd5 exd5 6. Qa4+ Nc6 7. Bg5 h6 8. Bxf6 Qxf6 9. Ne5 Bd7 10. Nxc6 Bxc3+ 11. bxc3 Bxc6 12. Qb3 O-O 13. e3 Qg6 14. Qb1 Qxb1+ 15.
Rxb1 b6 16. Bd3 f6 17. Kd2 Kf7 18. Rhc1 Rfe8 19. c4 Re7 20. f3 Rd8 21. cxd5 Bxd5 22. a3 a5 23. Rc3 Bb7 24. Rbc1 c5 25. dxc5 Red7 26. Ke2 Rxd3 27. Rxd3 Ba6 28. Rc3 bxc5 29. Kd2 Bxd3 30. Rxd3 Rb8 31. Kc2 c4 32. Rd7+ Kg6 33. Ra7 Rb3 34. Rxa5 Rxe3 35. Kd2 Rd3+ 36. Kc2 Re3 37.
Kd2 Rd3+ 38. Kc2 Re3 1/2-1/2

[Event "Late-Titled-Tuesday-Blitz-September-12-2023"]
[Site "Chess.com"]
[Date "2023.09.12"]
[Round "2"]
[White "gmpeter008"]
[Black "Dewarfd"]
[Result "0-1"]
[WhiteElo "2454"]
[BlackElo "2213"]
[TimeControl "180+1"]
[EndTime "14:14:54 PDT"]
[Termination "Dewarfd won by resignation"]

1. c4 e6 2. Nc3 d5 3. d4 c5 4.
cxd5 exd5 5. Nf3 Nc6 6. e3 Nf6 7. Be2 Be7 8. O-O cxd4 9. exd4 O-O 10. Bg5 h6 11. Bh4 Bg4 12. Ne5 Bxe2 13. Nxe2 Ne4 14. Bxe7 Qxe7 15. Nc3 Nxe5 16. Nxd5 Qd6 17. dxe5 Qxe5 18.
Qb3 Nd2 19. Qxb7 Nxf1 20. Rxf1 Rab8 21. Qxa7 Qxd5 0-1

[Event "Late-Titled-Tuesday-Blitz-September-12-2023"]
[Site "Chess.com"]
[Date "2023.09.12"]
[Round "2"]
[White "GMForgacs"]
[Black "kleinebeer98"]
[Result "0-1"]
[WhiteElo "2459"]
[BlackElo "2821"]
[TimeControl "180+1"]
[EndTime "14:14:55 PDT"]
[Termination "kleinebeer98 won by resignation"]

1. e4 e5 2. Nf3 Nc6 3. Bb5 f5 4. d3 fxe4 5. dxe4 Nf6 6. O-O d6 7. Bg5 Be7 8. Nc3 O-O 9. Qd2 Kh8 10. h3 Qe8 11. Nh4 Qh5 12. Be2 Qf7 13. Rad1 Nd4 14. Nf3 c5 15. Nxd4 cxd4 16. Nd5 Nxe4 17. Bxe7 Nxd2 18.
Rxd2 Re8 19. Nc7 Qxe7 20. Nxa8 Bxh3 21. gxh3 Qg5+ 22. Bg4 Qxd2 23. Rd1 Qxd1+ 24. Bxd1 Rxa8 25. Bf3 Rf8 26. Bxb7 Rb8 27. Bd5 Rxb2 28. Bb3 g5 29. Kg2 e4 30. Kg3 d3 31. cxd3 exd3 32. Kf3 d2 33. Ke2 d1=Q+ 34. Kxd1 Rxf2 35. Bd5 Rf4 36. Ke2 Kg7 37. Ke3 Kh6 38. Be6 Kh5 39. Kd3 Kh4 40. Ke3 Kg3 41. Kd3 Rf6 42. Bd7 h5 43. a4 g4 44.
hxg4 hxg4 45. a5 Kh4 46. a6 g3 47. Bc6 d5 48. Bxd5 Rxa6 49. Bg2 Ra2 50. Bf3 g2 51.
Be2 g1=N 52. Kc3 Nxe2+ 53. Kb3 Nc1+ 0-1

[Event "Late-Titled-Tuesday-Blitz-September-12-2023"]
[Site "Chess.com"]
[Date "2023.09.12"]
[Round "2"]
[White "Dom1nant1337"]
[Black "Inepton_Fermion"]
[Result "1-0"]
[WhiteElo "2603"]
[BlackElo "2356"]
[TimeControl "180+1"]
[EndTime "14:15:06 PDT"]
[Termination "Dom1nant1337 won by resignation"]

1. d4 Nf6 2. Nc3 d5 3. Bf4 a6 4. e3 e6 5. Nf3 Bb4 6. Bd3 c5 7.
O-O Nc6 8. dxc5 Bxc5 9. e4 dxe4 10. Nxe4 Be7 11. Qe2 h6 12. c3 Nxe4 13. Bxe4 Bd7 14.
Rad1 Qa5 15. Bb1 Rd8 16. b4 Qa3 17. Qc2 Rc8 18. Rxd7 Kxd7 19. Bc1 1-0

[Event "Late-Titled-Tuesday-Blitz-September-12-2023"]
[Site "Chess.com"]
[Date "2023.09.12"]
[Round "2"]
[White "kreonx"]
[Black "KIEV-1"]
[Result "1-0"]
[WhiteElo "2462"]
[BlackElo "2189"]
[TimeControl "180+1"]
[EndTime "14:15:08 PDT"]
[Termination "kreonx won by resignation"]

1. e4 c5 2. Nc3 d6 3. g3 e5 4. Bg2 Nc6 5. d3 Be6 6. f4 g6 7. Nf3 h6 8. Nh4 Qd7 9. f5 gxf5 10. O-O fxe4 11. dxe4 O-O-O 12. Nd5 Nce7 13. Ne3 Bg7 14. Bd2 Nf6 15. Nhf5 Bxf5 16. Nxf5 Nxf5 17. Rxf5 Qa4 18. Qf3 Qd4+ 19. Be3 Qxb2 20. Rf1 Qxc2 21. Rxf6 Bxf6 22. Qxf6 Qxa2 23. Qe7 Qe6 24. Qh4 Rdf8 25. Bh3 f5 26. Rxf5 1-0

[Event "Late-Titled-Tuesday-Blitz-September-12-2023"]
[Site "Chess.com"]
[Date "2023.09.12"]
[Round "2"]
[White "RCone"]
[Black "bazar-wokzal"]
[Result "0-1"]
[WhiteElo "2337"]
[BlackElo "2567"]
[TimeControl "180+1"]
[EndTime "14:15:12 PDT"]
[Termination "bazar-wokzal won by checkmate"]

1. e4 Nc6 2. Bc4 Nf6 3. Nc3 Nxe4 4. Bxf7+ Kxf7 5. Nxe4 e5 6. d3 d5 7. Ng5+ Kg8 8. Qh5 Qd7 9. Ne2 g6 10. Qh4 Be7 11. Qg3 Qg4 12. Nf3 Kg7 13. c3 Rf8 14. O-O Bf6 15. Bd2 Qxg3 16. Nxg3 Bg4 17. Ne1 h5 18. h3 Bd7 19. f4 Rae8 20. fxe5 Bxe5 21. Rxf8 Rxf8 22. Ne2 Bf5 23. d4 Bd6 24. Nf4 Ne7 25. Nfd3 Be4 26. Bg5 Nf5 27. Nf2 Ng3 28. Nxe4 Rf1+ 29.
Kh2 Rh1# 0-1

[Event "Late-Titled-Tuesday-Blitz-September-12-2023"]
[Site "Chess.com"]
[Date "2023.09.12"]
[Round "2"]
[White "Manukyan_Artak"]
[Black "AlexanderL"]
[Result "1-0"]
[WhiteElo "2529"]
[BlackElo "2849"]
[TimeControl "180+1"]
[EndTime "14:15:13 PDT"]
[Termination "Manukyan_Artak won by resignation"]

1. e4 e5 2. Nf3 Nf6 3. Nxe5 Nxe4 4. Qe2 Qe7 5. Qxe4 d6 6. d4 dxe5 7. Qxe5 Qxe5+ 8. dxe5 Nc6 9. Bb5 Bd7 10. Bxc6 Bxc6 11.
O-O O-O-O 12. Nc3 Bc5 13. Be3 Bxe3 14. fxe3 Rd2 15. Rf2 Rxf2 16. Kxf2 Re8 17. Rd1 Rxe5 18. Rd4 b6 19. g3 g5 20. h4 Rf5+ 21. Ke2 Rf3 22.
Rc4 Bb7 23. Nb5 Rxg3 24. Rxc7+ Kb8 25. Rxf7 gxh4 26. Rxh7 Ba6 27. a4 Bxb5+ 28. axb5 h3 29. Kd3 Rf3 30. b3 Rg3 31. c4 Rf3 32. Ke4 Rf2 33.
Rxh3 Rb2 34. Kd5 Kc7 35. Rh7+ Kd8 36. Rxa7 Rxb3 37. Kc6 Rb4 38. Rd7+ Kc8 39. Rd4 1-0

[Event "Late-Titled-Tuesday-Blitz-September-12-2023"]
[Site "Chess.com"]
[Date "2023.09.12"]
[Round "2"]
[White "jinxy2009"]
[Black "Hilary46"]
[Result "0-1"]
[WhiteElo "2331"]
[BlackElo "2553"]
[TimeControl "180+1"]
[EndTime "14:15:13 PDT"]
[Termination "Hilary46 won by resignation"]

1. e4 e5 2. Nf3 Nc6 3. d4 exd4 4. Nxd4 Nf6 5. Nxc6 bxc6 6. e5 Qe7 7. Qe2 Nd5 8.
h4 g6 9. Nd2 Bg7 10. c4 Nf4 11. Qe3 Qxe5 12. Ne4 Ne6 13. Bd3 O-O 14. Bd2 d5 15.
Ng5 Nxg5 16. hxg5 Qxe3+ 17. Bxe3 Bxb2 18. Rb1 Bc3+ 19. Kf1 Ba6 20. Rh4 Rab8 21. Rxb8 Rxb8 22. Bxa7 Rb2 23. a3 Ra2 24. Bc5 Bb2 25. g3 Bxa3 26. Bxa3 Rxa3 27. Be2 Ra2 28. Rd4 Rc2 29. Bd3 Bxc4 30. Bxc4 Rxc4 31. Rd2 Kf8 0-1

[Event "Late-Titled-Tuesday-Blitz-September-12-2023"]
[Site "Chess.com"]
[Date "2023.09.12"]
[Round "2"]
[White "AlexOstrovskiy"]
[Black "drragnar1"]
[Result "1-0"]
[WhiteElo "2650"]
[BlackElo "2378"]
[TimeControl "180+1"]
[EndTime "14:15:14 PDT"]
[Termination "AlexOstrovskiy won on time"]

1. e4 c5 2. Nc3 Nc6 3. Bb5 Nd4 4. Nf3 a6 5. Bd3 d6 6. Nxd4 cxd4 7. Ne2 e5 8. c3 d5 9. cxd4 dxe4 10. Bxe4 exd4 11. O-O Nf6 12. Bf3 Bd6 13. Qa4+ b5 14. Qxd4 Rb8 15.
Bc6+ Kf8 16. Bf3 Bb7 17. Bxb7 Rxb7 18. d3 Re7 19. Be3 Ng4 20. Qxg4 1-0

[Event "Late-Titled-Tuesday-Blitz-September-12-2023"]
[Site "Chess.com"]
[Date "2023.09.12"]
[Round "2"]
[White "JG-17"]
[Black "NotFischer"]
[Result "0-1"]
[WhiteElo "2492"]
[BlackElo "2295"]
[TimeControl "180+1"]
[EndTime "14:15:20 PDT"]
[Termination "NotFischer won by resignation"]

1. e4 d5 2. e5 c5 3. Nf3 Nc6 4. c3 Bg4 5. d4 e6 6. Be2 Bxf3 7.
Bxf3 cxd4 8. cxd4 Qb6 9. Be3 Qxb2 10. Nd2 Nxd4 11. Rb1 Nxf3+ 12. Nxf3 Qxa2 13. Rxb7 Qa6 14. Qb1 Rc8 15. Rxa7 Qc6 16. O-O Qc2 17. Qb5+ Qc6 18.
Qb2 Qc3 19. Qb7 Qc6 20. Qxc6+ Rxc6 21. Nd4 Rc8 22. Rb1 Bc5 23. g3 Bxa7 24. Rb7 Bxd4 25. Bxd4 Nh6 26. g4 O-O 27. h3 f6 28. exf6 gxf6 29.
Kg2 e5 30. Be3 Nf7 31. h4 Rc3 32. Rd7 Rxe3 33. fxe3 Rd8 34. Re7 d4 35. exd4 exd4 36. Kf2 Ne5 37. Ke2 d3+ 38. Kd1 Nxg4 39. Re4 Nf2+ 0-1

[Event "Late-Titled-Tuesday-Blitz-September-12-2023"]
[Site "Chess.com"]
[Date "2023.09.12"]
[Round "2"]
[White "maksimys18"]
[Black "GMJustin"]
[Result "1-0"]
[WhiteElo "2492"]
[BlackElo "2238"]
[TimeControl "180+1"]
[EndTime "14:15:20 PDT"]
[Termination "maksimys18 won on time"]

1. d4 d5 2. Nf3 Nf6 3. c4 c6 4.
Nc3 e6 5. Bg5 h6 6. Bh4 Be7 7.
cxd5 exd5 8. e3 Bf5 9. Bd3 Bxd3 10. Qxd3 Nbd7 11. O-O O-O 12. Rae1 Ne4 13. Bg3 f5 14. Nd2 a5 15. f3 Nxd2 16. Qxd2 Nb6 17. Qd3 Bd6 18.
Bxd6 Qxd6 19. b3 a4 20. e4 fxe4 21. fxe4 axb3 22. axb3 dxe4 23. Nxe4 Qd5 24. h3 Rxf1+ 25. Rxf1 Rd8 26. Nf6+ gxf6 27. Qg6+ Kh8 28. Qxh6+ Kg8 29. Qg6+ Kh8 30. Qxf6+ Kg8 31. Rf4 1-0